 Dungeon Crawl Stone Soup version 0.29-a0-234-g0dae59b3db (webtiles) character file.

Game seed: 185211927639915442

17864 drugrobin the Cleaver (level 11, -2/99 HPs)
             Began as a Demigod Fighter on Mar 3, 2022.
             Slain by a salamander
             ... wielding a +0 spear
              (5 damage)
             ... in a volcano.
             The game lasted 00:33:53 (16074 turns).

drugrobin the Cleaver (Demigod Fighter)            Turns: 16074, Time: 00:33:54

Health: -2/99      AC: 22    Str: 29    XL:     11   Next: 96%
Magic:  0/14       EV:  9    Int: 10    God:
Gold:   454        SH:  4    Dex: 13    Spells: 10/10 levels left

rFire   + . .      SeeInvis .   a - +0 broad axe
rCold   x . .      Faith    .   M - +0 buckler
rNeg    + . .      Spirit   +   k - +0 pearl dragon scales
rPois   .          Reflect  .   p - +0 helmet
rElec   .          Harm     .   Z - +0 cloak {Will+}
rCorr   .          Rampage  .   (no gloves)
Will    ++...                   H - +0 pair of boots
Stlth   ..........              E - amulet of guardian spirit
HPRegen 0.26/turn               B - +4 ring of protection
MPRegen 0.14/turn               g - ring of fire

@: no status effects
A: high MP 1, forlorn, divine attributes
a: no special abilities


You were in a volcano.
You visited 2 branches of the dungeon, and saw 13 of its levels.
You also visited: Bailey and Volcano.

You collected 774 gold pieces.
You spent 320 gold pieces at shops.

Inventory:

Hand Weapons
 a - a +0 broad axe (weapon)
 c - a +2 flail of protection
 d - a +1 flail of holy wrath
 v - a +1 demon whip of venom
Missiles
 Q - 12 boomerangs (quivered)
 R - 4 curare-tipped darts
Armour
 k - +0 pearl dragon scales (worn)
 p - a +0 helmet (worn)
 H - a +0 pair of boots (worn)
 M - a +0 buckler (worn)
 Z - a +0 cloak of willpower (worn)
Jewellery
 f - a ring of wizardry
 g - a ring of fire (right hand)
 i - a ring of willpower
 B - a +4 ring of protection (left hand)
 E - an amulet of guardian spirit (around neck)
 J - a +6 ring of intelligence
Wands
 G - a wand of mindburst (14)
 O - a wand of iceblast (4)
 P - a wand of flame (23)
Scrolls
 h - 2 scrolls of enchant weapon {unknown}
 l - 7 scrolls of teleportation {unknown}
 m - 2 scrolls of magic mapping {unknown}
 n - 3 scrolls of fog {unknown}
 u - a scroll of vulnerability
 x - a scroll of identify
 y - a scroll of blinking
 C - 3 scrolls of torment {unknown}
 F - a scroll of amnesia {unknown}
 I - a scroll of immolation {unknown}
 K - a scroll of fear
 L - 4 scrolls of enchant armour
 X - a scroll of silence
 Y - a scroll of summoning
Potions
 e - a potion of lignification {unknown}
 j - 5 potions of mutation
 q - 2 potions of heal wounds
 r - 7 potions of curing
 t - a potion of berserk rage
 A - a potion of invisibility
 N - a potion of flight
 T - 2 potions of might
 U - a potion of ambrosia
 V - a potion of haste
 W - a potion of attraction
Miscellaneous
 S - a lightning rod (inert)


   Skills:
 + Level 10.0 Fighting
 + Level 13.0 Axes
 + Level 10.0 Armour
 - Level 2.6 Shields


You had 10 spell levels left.
You didn't know any spells.
Your spell library contained the following spells:

 Spells                   Type           Power      Damage    Failure   Level
 Apportation              Tloc           0%         N/A       71%         1
 Alistair's Intoxication  Tmut/Pois      0%         N/A       100%        5


Dungeon Overview and Level Annotations

Branches:
Dungeon (12/15)            Temple (0/1) D:5            Lair (1/6) D:10
 Bailey (visited)         Volcano (1/1)
    Orc: D:9-12

Shops:
D:2 !   D:5 =   D:10 *


Innate Abilities, Weirdness & Mutations

You have an increased reservoir of magic. (+10% MP)
You shall have no god before yourself.
Your divine heritage dramatically boosts your attributes as you level up.


Message History

Unknown command.
You closely miss the salamander.
The salamander is moderately wounded.
The salamander hits you but does no damage.
Unknown command.
Unknown command.
Okay, then.
Throw: 7 darts (curare)
Press: ? - help, Shift-Dir - straight line, f - salamander
Aim: a salamander, wielding a +0 spear (moderately wounded, 73% to hit)
You throw a curare-tipped dart.
The curare-tipped dart barely misses the salamander.
You hear a splash.
The salamander hits you but does no damage.
Unknown command.
Unknown command.
Throw: 6 darts (curare)
Press: ? - help, Shift-Dir - straight line, f/p - salamander
Aim: a salamander, wielding a +0 spear (moderately wounded, 73% to hit)
You throw a curare-tipped dart.
The curare-tipped dart completely misses the salamander.
The salamander hits you with a +0 spear!
* * * LOW HITPOINT WARNING * * *
You are engulfed in flames.
You resist.
* * * LOW HITPOINT WARNING * * *
Unknown command.
Unknown command.
Unknown command.
Throw: 5 darts (curare)
Press: ? - help, Shift-Dir - straight line, f/p - salamander
Aim: a salamander, wielding a +0 spear (moderately wounded, 73% to hit)
You throw a curare-tipped dart.
The curare-tipped dart hits the salamander.
The salamander is poisoned.
The salamander convulses.
The salamander seems to slow down.
The salamander is moderately wounded.
The salamander hits you with a +0 spear.
* * * LOW HITPOINT WARNING * * *
You are engulfed in flames.
You resist.
You die...

≈§§≈≈.≈^.......≈≈≈≈≈≈≈
#≈§§§≈≈..####..≈≈≈≈≈≈≈
≈≈§§≈.§.##[.##..≈≈≈≈≈≈
≈≈≈§§§≈.#.[..#..≈≈≈≈≈≈
≈≈≈§§§≈.#....)..≈≈≈≈≈≈
§≈≈≈≈§..# #.≈≈≈≈≈≈≈
≈≈≈.≈. ##...≈≈≈≈≈
≈≈≈≈...####.)≈≈≈≈≈≈≈
≈≈≈≈....@N^...≈(≈≈≈
§≈≈§........≈≈≈≈≈≈≈
≈§§≈#.######≈≈≈≈≈≈≈
§≈≈ ## ≈≈≈≈≈≈≈ ≈
≈≈≈≈≈≈≈ ≈≈≈≈≈≈≈ ≈≈≈≈≈


You could see a salamander (very poisoned, slow).

Vanquished Creatures
  Josephine (D:10)
  A hydra (Lair:1)
  A centaur warrior (D:10)
  4 two-headed ogres
  Nergalle (D:10)
  Amaemon (D:10)
  An ugly thing (D:7)
  A cyclops (D:11)
  Joseph (D:8)
  A black mamba (Lair:1)
  A cane toad (Lair:1)
  An orange demon (D:10)
  A gargoyle (D:10)
  A komodo dragon (D:10)
  2 trolls (D:11)
  A hornet (D:8)
  2 blink frogs (Lair:1)
  Prince Ribbit (D:9)
  2 shadows (D:9)
  Sigmund (D:4)
  9 yaks
  4 wraiths (D:10)
  2 wyverns (D:9)
  2 fire bats (Volcano)
  Eustachio (D:4)
  3 steam dragons
  Menkaure (D:4)
  Edmund (D:5)
  2 acid dragons (D:11)
  4 water moccasins
  A hell hound (Volcano)
  9 orc warriors
  3 black bears
  3 sky beasts
  5 ogres
  4 centaurs
  8 kobold brigands
  4 scorpions
  4 bullfrogs
  A gnoll sergeant (D:9)
  A necrophage (D:7)
  7 wights
  A killer bee (D:9)
  2 howler monkeys
  2 jellies
  6 orc priests
  3 hounds
  Crazy Yiuf (D:7)
  2 iguanas
  13 orc wizards
  Robin (D:2)
  6 gnolls
  7 adders
  A shadow imp (D:8)
  A white imp (D:5)
  A worm (D:2)
  50 orcs
  8 ball pythons
  4 endoplasms
  A giant cockroach (D:1)
  12 goblins
  13 hobgoblins
  5 jackals
  27 kobolds
  6 quokkas
  5 bats
  5 frilled lizards
  5 rats (D:1)
293 creatures vanquished.

Vanquished Creatures (others)
  A centaur (Volcano)
  6 fungi (D:2)
  44 plants
51 creatures vanquished.

Grand Total: 344 creatures vanquished

Notes
Turn   | Place    | Note
-------+----------+-------------------------------------------
     0 | D:1      | drugrobin the Demigod Fighter began the quest for the Orb.
     0 | D:1      | Reached XP level 1. HP: 18/18 MP: 3/3
    73 | D:1      | Reached skill level 2 in Axes
   376 | D:1      | Reached XP level 2. HP: 18/25 MP: 4/4
   804 | D:1      | Reached skill level 3 in Axes
  1042 | D:2      | Noticed a phantom
  1107 | D:2      | Reached XP level 3. HP: 16/30 MP: 5/5
  1529 | D:2      | Found Obboapol's Distillery.
  1715 | D:2      | Bought a potion of heal wounds for 50 gold pieces
  1715 | D:2      | Bought a potion of curing for 30 gold pieces
  1821 | D:2      | Reached skill level 4 in Axes
  1833 | D:2      | Reached XP level 4. HP: 30/37 MP: 6/6
  1930 | D:2      | Noticed Robin
  1951 | D:2      | Killed Robin
  2138 | D:2      | Bought a potion of berserk rage for 50 gold pieces
  2504 | D:3      | Noticed a sky beast
  2552 | D:2      | Killed a sky beast
  2553 | D:2      | Reached skill level 5 in Axes
  2553 | D:2      | Reached XP level 5. HP: 19/42 MP: 7/7
  3214 | D:4      | Noticed Menkaure
  3220 | D:4      | Killed Menkaure
  3221 | D:4      | Reached skill level 6 in Axes
  3221 | D:4      | Reached XP level 6. HP: 43/50 MP: 8/8
  3606 | D:4      | Noticed Sigmund
  3636 | D:4      | Killed Sigmund
  3637 | D:4      | Reached skill level 7 in Axes
  3873 | D:4      | Reached XP level 7. HP: 56/56 MP: 9/9
  4259 | D:4      | Noticed Eustachio
  4294 | D:4      | Killed Eustachio
  4295 | D:4      | Reached skill level 8 in Axes
  4600 | D:5      | Entered Level 5 of the Dungeon
  4642 | D:5      | Reached skill level 9 in Axes
  4738 | D:5      | Reached XP level 8. HP: 56/62 MP: 10/10
  4896 | D:5      | Found Ucherr's Jewellery Emporium.
  5261 | D:5      | Found a staircase to the Ecumenical Temple.
  5735 | D:6      | Noticed Edmund
  5935 | D:5      | Killed Edmund
  6784 | D:6      | Reached skill level 10 in Axes
  6784 | D:6      | Reached XP level 9. HP: 73/73 MP: 11/11
  6921 | D:5      | Reached skill level 5 in Fighting
  6921 | D:5      | Reached skill level 5 in Armour
  7622 | D:7      | Found a flagged portal.
  7629 | D:7      | Noticed a brown ugly thing
  7638 | Bailey   | Entered a bailey
  8147 | D:7      | Killed a brown ugly thing
  8471 | D:7      | Found a runed translucent door.
  8472 | D:7      | Noticed Crazy Yiuf
  8795 | D:7      | Killed Crazy Yiuf
  9046 | D:2      | Bought a potion of ambrosia for 80 gold pieces
  9046 | D:2      | Bought a potion of haste for 100 gold pieces
  9046 | D:2      | Bought a potion of degeneration for 10 gold pieces
 10154 | D:8      | Noticed Joseph
 10173 | D:8      | Killed Joseph
 10174 | D:8      | Reached XP level 10. HP: 62/84 MP: 11/13
 10315 | D:8      | Reached skill level 11 in Axes
 10629 | D:9      | Noticed a two-headed ogre
 10640 | D:9      | Killed a two-headed ogre
 10962 | D:9      | Noticed a two-headed ogre
 10977 | D:9      | Killed a two-headed ogre
 11577 | D:9      | Noticed Prince Ribbit
 11594 | D:9      | Killed Prince Ribbit
 12266 | D:9      | Identified the +6 long sword "Kirol" {spect, rPois Will+
                  | Int+2 Dex-3}
 12657 | D:10     | Entered Level 10 of the Dungeon
 12678 | D:10     | Noticed Amaemon
 12719 | D:10     | Noticed Josephine
 12735 | D:10     | Killed Josephine
 12739 | D:10     | Reached XP level 11. HP: 40/95 MP: 6/14
 12745 | D:10     | Reached skill level 12 in Axes
 13392 | D:10     | Noticed Nergalle
 13400 | D:10     | Killed Nergalle
 13531 | D:10     | Found Dazxepas's Mass Market.
 13543 | D:10     | Found a staircase to the Lair.
 13736 | D:10     | Killed Amaemon
 13800 | D:10     | Noticed a centaur warrior
 13813 | D:10     | Killed a centaur warrior
 15163 | Lair:1   | Entered Level 1 of the Lair of Beasts
 15166 | Lair:1   | Noticed a six-headed hydra
 15180 | Lair:1   | Killed a six-headed hydra
 15375 | Lair:1   | Found a dark tunnel.
 15714 | Volcano  | Entered a volcano
 15743 | Volcano  | Noticed a two-headed ogre
 15747 | Volcano  | Killed a two-headed ogre
 15761 | Volcano  | Reached skill level 13 in Axes
 16045 | Volcano  | Noticed a two-headed ogre
 16060 | Volcano  | Killed a two-headed ogre
 16061 | Volcano  | Reached skill level 10 in Fighting
 16068 | Volcano  | Reached skill level 10 in Armour
 16074 | Volcano  | HP: 3/99 [salamander/+0 spear (4)]
 16074 | Volcano  | Slain by a salamander

Illustrated notes

Levels and vault maps discovered:
D:1:      lightli_arrival_isolated_outpost, layout_loops_ring
D:2:      layout_loops_ring, shapermc_ecumenical_altar_mp_urbaneastern,
          serial_shops, shop, uniq_robin
D:3:      layout_rooms, minmay_strange_pillars, chequers_serial_rivers_room_a
D:4:      layout_loops_corners, eino_small_chamber_without_monster,
          uniq_menkaure, uniq_sigmund, uniq_eustachio
D:5:      layout_loops_ring, mainiacjoe_overflow_surrounded_room,
          temple_doors_ab, chequers_serial_rivers_micro_e,
          minmay_shop_enchanted_jewellery, st_stairs_6,
          eino_small_chamber_without_monster, grunt_ministairs_9,
          dk_rats_in_the_wall
D:6:      layout_loops_ring, minivault_23, uniq_edmund
D:7:      layout_loops_ring, enter_bailey_3, dk_noncrumbling_4,
          uniq_crazy_yiuf_cottage
D:8:      layout_basic, uniq_joseph
D:9:      minmay_skewed_foursquare, layout_long_grid, okawaru_ov_weapons_minmay,
          nicolae_overflow_hidden_temple, special_room [special_room_orc],
          nicolae_underground_beach, uniq_prince_ribbit1
D:10:     gammafunk_indiana_jones, layout_basic, trog_antimagical,
          grunt_qazlal_sundering, david_lair_shrubbed, minmay_shop_mass,
          uniq_nergalle, uniq_amaemon, uniq_josephine
D:11:     layout_basic
D:12:     layout_roguey, minmay_orc_entry_temple_small
Lair:1:   layout_layer_cave, nicolae_volcano_entry_lava_flow, uniq_erica
Volcano:  volcano_village

Skill      XL: |  1  2  3  4  5  6  7  8  9 10 11 |
---------------+----------------------------------+-----
Axes           | 2 3 4 5 6 7 9 10 11 13 | 13.0
Fighting       | 4 6 8 10 | 10.0
Armour         | 4 6 8 10 | 10.0
Shields        | |  2.6

Action                   |  1- 3 |  4- 6 |  7- 9 | 10-12 || total
-------------------------+-------+-------+-------+-------++-------
Melee: War axe           |   124 |    99 |   194 |       ||   417
       Dagger            |       |    10 |    25 |       ||    35
       Flail             |       |       |   134 |       ||   134
       Broad axe         |       |       |    97 |   337 ||   434
       Demon whip        |       |       |       |    84 ||    84
Throw: Stone             |     3 |     2 |       |       ||     5
       Javelin           |       |     3 |     3 |       ||     6
       Dart              |       |     2 |    13 |    21 ||    36
       Boomerang         |       |       |     7 |    15 ||    22
Evoke: Lightning rod     |       |       |     4 |     5 ||     9
  Use: Scroll            |       |       |       |    11 ||    11
Armor: Scale mail        |    64 |    46 |    33 |       ||   143
       Chain mail        |       |       |   273 |       ||   273
       Plate armour      |       |       |    26 |   234 ||   260
       Pearl dragon scal |       |       |       |   101 ||   101
Dodge: Dodged            |    51 |    41 |   167 |   145 ||   404
Block: Buckler           |    33 |    22 |    98 |    80 ||   233

Table legend: (Time is in decaauts)
 A = Elapsed time spent in this place.
 B = Non-inter-level travel time spent in this place.
 C = Inter-level travel time spent in this place.
 D = Time resting spent in this place.
 E = Time spent auto-exploring this place.
 F = Levels seen in this place.
 G = Mean time per level.
                   A        B        C        D        E       F      G
               +--------+--------+--------+--------+--------+-----+--------+
         Total |  16262 |  15516 |    746 |   2802 |   9018 |  15 | 1084.1 |
       Dungeon |  14861 |  14115 |    746 |   2183 |   8882 |  12 | 1238.4 |
          Lair |    532 |    532 |      0 |    225 |      0 |   1 |  532.0 |
        Bailey |    513 |    513 |      0 |    140 |    136 |   1 |  513.0 |
       Volcano |    354 |    354 |      0 |    254 |      0 |   1 |  354.0 |
               +--------+--------+--------+--------+--------+-----+--------+

Top non-repeatable levels by time:
     D:9: 2093 daAuts
     D:5: 1920 daAuts
     D:4: 1529 daAuts
    D:10: 1522 daAuts
     D:2: 1510 daAuts
     D:7: 1326 daAuts
     D:8: 1166 daAuts
     D:1: 1122 daAuts
     D:6: 1046 daAuts
    D:11: 995 daAuts
     D:3: 624 daAuts
  Lair:1: 532 daAuts
  Bailey: 513 daAuts
 Volcano: 354 daAuts
    D:12: 3 daAuts
